Map: Colline di Doraelus

Players

LaWeedaLoca

  • Race: Protoss Protoss
  • League: Master

Jhyrachy

  • Race: Zerg Zerg
  • League: Gold

IlBirraioOo

  • Race: Zerg Zerg
  • League: Platinum

Øvermind

  • Race: Zerg Zerg
  • League: Master

tesdur

  • Race: Zerg Zerg
  • League: Master

MendaDrog

  • Race: Zerg Zerg
  • League: Diamond

VOD

Have the link to the VOD?

Description

Time

  • Played on: May 5, 2016, 5:59 p.m.
  • Length: 8:19
Show
View Real Time Build Order
Export as new Build Order

LaWeedaLoca Protoss 

Build Orders:  

Get SALT Encoding   

  12  0:01  Probe (Chrono Boost)  
  13  0:12  Probe (Chrono Boost)  
  14  0:17  Pylon  
  14  0:22  Probe (Chrono Boost)  
  15  0:35  Probe (Chrono Boost)  
  16  0:37  Gateway  
  16  0:46  Probe (Chrono Boost)  
  17  0:56  Probe (Chrono Boost)  
  18  1:02  Assimilator  
  18  1:04  Assimilator  
  18  1:07  Probe (Chrono Boost)  
  19  1:13  Pylon  
  19  1:20  Probe (Chrono Boost)  
  19  1:24  Cybernetics Core  
  20  1:30  Probe (Chrono Boost)  
  21  1:41  Probe (Chrono Boost)  
  22  1:50  Gateway  
  22  1:51  Gateway  
  22  1:54  Probe (Chrono Boost)  
  23  2:01  Warp Gate (Chrono Boost)  
  23  2:05  Mothership Core  
  23  2:08  Stalker  
  27  2:16  Pylon  
  27  2:30  Robotics Facility  
  27  2:37  Stalker  
  29  2:44  Stalker  
  31  2:54  Stalker  
  33  3:00  Pylon  
  33  3:18  Immortal (Chrono Boost)  
  37  3:23  Pylon  
  37  3:53  Stalker  
  37  3:54  Stalker x2  
  35  4:17  Stalker  
  35  4:18  Stalker  
  37  4:26  Immortal (Chrono Boost)  
  37  4:30  Stalker  
  43  4:41  Stalker  
  43  4:44  Zealot  
  45  5:15  Warp Prism (Chrono Boost)  
  45  5:16  Stalker x3  
  31  5:50  Stalker x3  
  29  6:21  Zealot x3  
  19  6:45  Probe  
  20  6:51  Immortal (Chrono Boost)  
  20  6:52  Zealot  
  26  6:57  Probe  
  27  7:07  Zealot  
  29  7:09  Probe  
  30  7:21  Probe  
  31  7:33  Probe  
  32  7:49  Nexus  
  32  8:04  Zealot  
  32  8:05  Zealot  
Show
View Real Time Build Order
Export as new Build Order

Jhyrachy Zerg 

Build Orders: Pool First 

Get SALT Encoding   

  12  0:02  Drone  
  13  0:12  Drone  
  14  0:26  Spawning Pool  
  13  0:29  Drone  
  13  0:34  Extractor  
  13  0:35  Drone  
  14  0:44  Overlord  
  14  1:05  Drone x3  
  17  1:13  Queen  
  19  1:20  Overlord  
  19  1:37  Zergling x2  
  20  1:45  Zergling x2, Evolution Chamber  
  20  1:50  Zergling x2  
  21  2:06  Zergling x2  
  22  2:11  Zerg Melee Weapons Level 1  
  22  2:28  Metabolic Boost  
  22  2:30  Zergling x4  
  22  2:31  Zergling x6  
  27  3:04  Overlord  
  27  3:27  Drone x2  
  27  3:28  Drone  
  27  3:29  Overlord  
  27  3:30  Hatchery  
  28  3:59  Zergling x6  
  27  4:41  Zergling x2  
  27  4:42  Zergling x10  
  27  4:44  Queen  
  35  4:51  Zerg Ground Armor Level 1  
  35  4:54  Zergling x4  
  35  4:55  Zergling x2  
  31  5:39  Zergling x2  
  31  5:40  Zergling x12  
  38  6:03  Zergling x4  
  38  6:04  Zergling x4  
  42  6:14  Zergling x2  
  42  6:15  Zergling x8  
  40  6:53  Lair  
  40  6:55  Zergling x8  
  40  6:56  Zergling x16  
  50  7:28  Drone  
  51  7:30  Overlord x2  
  29  7:58  Zergling x14  
  30  7:59  Zergling x4  
  30  8:01  Hatchery  
Show
View Real Time Build Order
Export as new Build Order

IlBirraioOo Zerg 

Build Orders: Pool First 

Get SALT Encoding   

  12  0:01  Drone  
  13  0:10  Drone  
  14  0:16  Overlord  
  14  0:33  Spawning Pool  
  13  0:37  Drone  
  14  0:48  Extractor  
  13  0:50  Drone x2  
  13  0:53  Drone  
  16  1:14  Drone  
  17  1:20  Zergling x2, Queen  
  17  1:25  Zergling x2  
  21  1:34  Zergling x2  
  22  1:47  Overlord  
  22  1:49  Metabolic Boost  
  22  2:05  Zergling x2  
  23  2:11  Hatchery  
  23  2:14  Zergling x2  
  23  2:22  Zergling x2  
  21  2:48  Zergling x6  
  21  2:49  Zergling x2  
  25  3:02  Overlord  
  25  3:22  Zergling x4  
  25  3:23  Zergling x2  
  28  3:28  Zergling x4  
  28  3:30  Drone  
  31  3:40  Zergling x4  
  33  3:44  Zergling x2  
  33  3:46  Zergling x2  
  31  4:02  Zergling x4  
  25  4:05  Zergling x2  
  21  4:14  Zergling x4  
  20  4:19  Queen  
  20  4:20  Drone  
  23  4:26  Zergling x2  
  23  4:30  Drone  
  25  4:38  Zergling x2  
  26  4:50  Drone x6, Roach Warren  
  31  4:56  Lair  
  31  5:13  Extractor  
  30  5:18  Zergling x12  
  36  5:36  Overlord x2  
  36  5:58  Roach  
  36  5:59  Roach x4  
  46  6:05  Roach x2  
  41  6:42  Drone x2  
  41  6:43  Drone x7  
  41  6:44  Drone  
  51  6:51  Glial Reconstitution  
  51  6:52  Overlord  
  52  7:01  Roach  
  50  7:11  Roach x4  
  58  7:29  Overlord x4  
  58  7:42  Spore Crawler x2  
  56  7:47  Roach x4  
  64  7:52  Roach x2  
Show
View Real Time Build Order
Export as new Build Order

Øvermind Zerg 

Build Orders: Hatch First 

Get SALT Encoding   

  12  0:01  Drone  
  13  0:12  Overlord  
  13  0:17  Drone  
  14  0:30  Drone x2  
  14  0:34  Drone  
  17  0:54  Hatchery  
  16  1:04  Spawning Pool  
  15  1:07  Drone  
  15  1:10  Drone  
  17  1:14  Drone  
  18  1:39  Hatchery  
  17  1:42  Drone  
  17  1:43  Drone  
  19  1:52  Queen  
  21  2:05  Queen  
  21  2:06  Drone  
  24  2:10  Drone  
  24  2:13  Overlord  
  25  2:20  Drone  
  25  2:22  Zergling x4  
  28  2:31  Queen  
  28  2:34  Zergling x2  
  28  2:35  Zergling x2  
  32  2:45  Drone  
  33  2:53  Drone x2, Extractor  
  33  2:54  Extractor  
  33  2:55  Drone  
  33  2:56  Queen  
  36  3:04  Drone x2  
  36  3:05  Zergling x4  
  40  3:13  Queen  
  40  3:16  Overlord  
  42  3:27  Overlord  
  42  3:34  Overlord x2  
  42  3:36  Drone x2  
  42  3:38  Drone  
  42  3:40  Drone  
  46  3:46  Drone  
  46  3:47  Drone x2  
  49  3:50  Drone  
  49  3:53  Drone  
  49  3:55  Drone  
  52  4:05  Lair, Drone  
  52  4:09  Metabolic Boost  
  53  4:11  Drone x2  
  52  4:29  Drone  
  52  4:31  Drone x5  
  54  4:34  Extractor x2, Drone x4  
  57  4:40  Overlord x2  
  57  4:42  Drone  
  57  4:44  Drone  
  59  4:48  Evolution Chamber  
  59  4:49  Drone x2  
  59  4:50  Zergling x4  
  59  4:51  Evolution Chamber  
  61  5:03  Zergling x2  
  61  5:06  Zergling x2  
  61  5:07  Zergling x8  
  65  5:08  Zergling x4  
  65  5:09  Zergling x4  
  65  5:12  Zergling x6  
  74  5:14  Zerg Melee Weapons Level 1  
  74  5:33  Zergling x10  
  77  5:45  Zergling x12  
  77  5:46  Zergling x4  
  77  5:47  Zergling x8  
  86  5:54  Hydralisk Den  
  86  5:56  Drone x2  
  87  5:57  Evolution Chamber  
  87  5:58  Extractor  
  87  6:01  Extractor  
  87  6:02  Queen  
  87  6:04  Drone x4  
  88  6:10  Zerg Ground Armor Level 1, Overlord x2  
  89  6:13  Overlord x2  
  89  6:29  Muscular Augments  
  89  6:32  Drone x2  
  91  6:34  Drone x4  
  91  6:35  Hatchery  
  91  6:36  Drone x3  
  97  6:55  Baneling Nest  
  96  7:14  Zergling x12  
  96  7:15  Hydralisk x4  
  102  7:16  Hydralisk x3  
  102  7:17  Hydralisk x2  
  102  7:19  Overlord  
  112  7:46  Hydralisk x4  
  112  7:48  Hydralisk  
  112  7:49  Hydralisk x4  
  130  7:56  Drone x4  
  130  7:57  Drone  
  135  8:00  Drone  
Show
View Real Time Build Order
Export as new Build Order

tesdur Zerg 

Build Orders: Hatch First 

Get SALT Encoding   

  12  0:01  Drone  
  13  0:17  Drone  
  13  0:18  Overlord  
  14  0:28  Extractor, Drone  
  13  0:30  Extractor, Drone  
  16  0:39  Drone  
  17  0:56  Drone  
  18  1:01  Hatchery  
  18  1:02  Extractor  
  18  1:03  Drone  
  17  1:19  Drone  
  17  1:21  Spawning Pool  
  17  1:22  Drone  
  19  1:32  Drone  
  19  1:46  Drone  
  20  1:54  Overlord  
  20  2:09  Queen  
  20  2:11  Metabolic Boost  
  20  2:14  Queen  
  24  2:16  Zergling x2  
  24  2:19  Zergling x2  
  26  2:26  Zergling x2  
  27  2:31  Zergling x2  
  27  2:32  Zergling x2  
  29  2:40  Zergling x4  
  31  2:52  Baneling Nest  
  31  2:55  Zergling x4  
  32  3:01  Zergling x4  
  34  3:08  Zergling x2  
  35  3:15  Zergling x2  
  36  3:31  Overlord x3  
  36  3:43  Baneling x4  
  34  3:54  Zergling x10  
  34  3:55  Zergling x2  
  30  4:14  Zergling x6  
  32  4:18  Zergling x2  
  33  4:28  Zergling x4  
  35  4:42  Zergling x4  
  35  4:45  Drone  
  38  4:51  Overlord x2  
  38  4:53  Zergling x8  
  38  4:57  Hatchery  
  41  5:04  Zergling x4  
  40  5:12  Zergling x4  
  39  5:17  Zergling x10  
  44  5:28  Zergling x6  
  47  5:30  Zergling x2  
  47  5:40  Zergling x2  
  38  5:52  Zergling x14  
  38  5:53  Zergling x2  
  46  6:03  Zergling x4  
  48  6:17  Zergling x14  
  55  6:24  Zergling x4  
  56  6:32  Zergling x6  
  47  6:41  Queen  
  47  6:49  Zergling x4  
  47  6:50  Zergling x14  
  54  7:05  Zergling x2  
  54  7:06  Zergling x6  
  58  7:11  Baneling x7  
  58  7:12  Baneling x7  
  58  7:13  Baneling x3  
  58  7:17  Zergling x2  
  58  7:18  Zergling x2  
  58  7:20  Zergling x2  
  61  7:31  Drone x4  
  64  7:45  Zergling x10  
Show
View Real Time Build Order
Export as new Build Order

MendaDrog Zerg 

Build Orders: Hatch First, Zergling Baneling 

Get SALT Encoding   

  12  0:01  Drone  
  13  0:08  Drone  
  14  0:17  Overlord  
  14  0:23  Extractor  
  14  0:24  Drone  
  15  0:36  Drone x2  
  17  0:54  Hatchery, Drone  
  17  0:58  Drone  
  17  1:02  Extractor  
  17  1:08  Drone  
  18  1:17  Spawning Pool  
  17  1:20  Drone  
  18  1:27  Drone  
  19  1:44  Drone  
  20  1:50  Overlord  
  20  2:04  Metabolic Boost  
  20  2:06  Queen x2  
  20  2:07  Spine Crawler  
  23  2:10  Zergling x2  
  23  2:14  Zergling x2  
  25  2:18  Zergling x2  
  26  2:25  Baneling Nest  
  26  2:28  Zergling x2  
  23  2:50  Zergling x8  
  27  3:10  Drone x4  
  27  3:11  Baneling x2  
  31  3:13  Baneling x2  
  31  3:22  Overlord  
  31  3:30  Drone  
  31  3:33  Overlord  
  32  3:40  Baneling x2  
  32  3:41  Baneling x2  
  27  4:06  Zergling x2  
  27  4:07  Zergling x16  
  34  4:21  Zergling x6  
  37  4:34  Zergling x8  
  39  4:53  Overlord  
  39  4:54  Overlord  
  39  4:55  Drone x5  
  44  5:00  Evolution Chamber  
  43  5:09  Drone x2  
  43  5:10  Drone  
  46  5:26  Extractor  
  46  5:27  Zergling x2  
  46  5:28  Zergling x10  
  46  5:35  Zerg Ground Armor Level 1  
  46  5:41  Zergling x2  
  46  5:42  Zergling x4  
  50  5:50  Drone x3  
  50  5:51  Drone  
  50  5:53  Drone  
  50  5:56  Drone  
  55  6:02  Drone x2  
  57  6:13  Baneling  
  57  6:14  Baneling x2  
  44  6:42  Hatchery  
  44  6:44  Lair  
  40  6:48  Drone x3  
  40  6:49  Extractor, Evolution Chamber  
  40  6:51  Drone x7  
  48  6:55  Zergling x2  
  48  6:56  Zergling x2  
  48  6:57  Extractor, Zergling x2  
  50  7:19  Overlord  
  50  7:20  Overlord  
  50  7:22  Baneling x2  
  50  7:23  Baneling x2  
  50  7:24  Zergling x2  
  50  7:25  Zergling x12  
  50  7:27  Overlord  
  57  7:31  Overlord  
  58  8:06  Drone x11  
Tags
 
Add a new tag
Caveats
  • Supply blocks, unpowered buildings, or Contaminate may cause inaccurate times.
  • Supply counts are checked every 10 seconds.